[Event "CZE-ch Youth B12 2022"]
[Site "Luhacovice"]
[Date "2022.03.13"]
[Round "2.10"]
[White "Letal, Hynek"]
[Black "Stejskal, Jakub"]
[Result "0-1"]
[ECO "B43"]
[WhiteElo "1371"]
[BlackElo "1557"]
[Annotator "NA"]
[PlyCount "102"]
[EventDate "2022.03.12"]
[EventType "swiss"]
[EventCountry "CZE"]
[SourceTitle "playchess.com"]
[Source "ChessBase"]
[SourceQuality "1"]
[TimeControl "5400+30"]

1. e4 c5 2. Nf3 e6 3. d4 cxd4 4. Nxd4 a6 5. Nc3 b5 6. a3 Bb7 7. f4 d6 8. Qf3 Nf6 9. g4 Nc6 10. Nxc6 Bxc6 11. g5 Nd7 12. Be3 Be7 13. h4 h5 14. gxh6 Bxh4+ 15. Bf2 Rxh6 16. O-O-O Bxf2 17. Rxh6 gxh6 18. Qxf2 Nc5 19. e5 Qb6 20. Qh4 dxe5 21. fxe5 Rd8 22. Rd6 Rxd6 23. exd6 Qd8 24. Qg3 Qg5+ 25. Qxg5 hxg5 26. b4 Nb7 27. Ne2 Nxd6 28. Nd4 Be4 29. Kd2 Nf5 30. Nb3 Bb7 31. Nc5 Bc8 32. c4 bxc4 33. Bxc4 Nd6 34. Be2 f5 35. Nxa6 Ne4+ 36. Ke3 Kd7 37. b5 Kd6 38. a4 Nc3 39. Bf3 Nxa4 40. Nb4 Kc5 41. Nd3+ Kxb5 42. Ne5 Nb2 43. Nf7 Nc4+ 44. Kf2 g4 45. Be2 Kc5 46. Bxc4 Kxc4 47. Nd6+ Kd4 48. Nxc8 e5 49. Nd6 f4 50. Nf5+ Kd3 51. Nd6 e4 0-1

[Event "CZE-ch Youth B12 2022"]
[Site "Luhacovice"]
[Date "2022.03.13"]
[Round "2.11"]
[White "Jansky, Adam"]
[Black "Pasek, Josef"]
[Result "0-1"]
[ECO "B45"]
[WhiteElo "1233"]
[BlackElo "1351"]
[Annotator "NA"]
[PlyCount "78"]
[EventDate "2022.03.12"]
[EventType "swiss"]
[EventCountry "CZE"]
[SourceTitle "playchess.com"]
[Source "ChessBase"]
[SourceQuality "1"]
[TimeControl "5400+30"]

1. e4 c5 2. Nf3 e6 3. d4 cxd4 4. Nxd4 Nc6 5. Nc3 Bb4 6. Nxc6 bxc6 7. Qd4 Bf8 8. Be2 d5 9. O-O Nf6 10. Bg5 Be7 11. e5 Nd7 12. Bd2 Qc7 13. Bf4 c5 14. Qd3 a6 15. Qg3 O-O 16. Rae1 Re8 17. Bf3 Nf8 18. Nxd5 exd5 19. Bxd5 Be6 20. Bxa8 Rxa8 21. Qf3 Rb8 22. b3 c4 23. Qe2 Ng6 24. Bg3 Qa5 25. Ra1 h6 26. f4 Bc5+ 27. Kh1 Ne7 28. Qe1 Bb4 29. Qc1 Bd2 30. Be1 c3 31. Qd1 Rd8 32. a3 Qb5 33. Bxd2 Rxd2 34. Qe1 Nf5 35. Rf2 Qd5 36. Rxd2 cxd2 37. Qe2 Ne3 38. Rd1 Nxd1 39. Qxd1 Bg4 0-1

[Event "CZE-ch Youth B12 2022"]
[Site "Luhacovice"]
[Date "2022.03.13"]
[Round "2.12"]
[White "Knapek, Jan"]
[Black "Ruzicka, Oto"]
[Result "1-0"]
[ECO "C44"]
[WhiteElo "1340"]
[BlackElo "1233"]
[Annotator "NA"]
[PlyCount "43"]
[EventDate "2022.03.12"]
[EventType "swiss"]
[EventCountry "CZE"]
[SourceTitle "playchess.com"]
[Source "ChessBase"]
[SourceQuality "1"]
[TimeControl "5400+30"]

1. e4 e5 2. Nf3 Nc6 3. d4 exd4 4. Nxd4 Nf6 5. Nc3 Bb4 6. Nxc6 bxc6 7. Bd3 d6 8. O-O O-O 9. h3 Be6 10. Bg5 Re8 11. f4 Bc5+ 12. Kh1 Be3 13. Qe1 Bd4 14. e5 dxe5 15. fxe5 h6 16. Bxh6 gxh6 17. Rxf6 Bd7 18. Qg3+ Kf8 19. Qg6 Be6 20. Bf5 Ke7 21. Rxe6+ fxe6 22. Qg7# 1-0

[Event "CZE-ch Youth B12 2022"]
[Site "Luhacovice"]
[Date "2022.03.14"]
[Round "3.1"]
[White "Popov, Roman"]
[Black "Roubal, Matyas"]
[Result "0-1"]
[ECO "E91"]
[WhiteElo "2353"]
[BlackElo "1870"]
[Annotator "ChessBase"]
[PlyCount "126"]
[EventDate "2022.03.12"]
[EventType "swiss"]
[EventCountry "CZE"]
[SourceTitle "playchess.com"]
[Source "ChessBase"]
[SourceQuality "1"]
[TimeControl "5400+30"]

1. d4 Nf6 2. c4 g6 3. Nc3 Bg7 4. e4 d6 5. Nf3 O-O 6. Be2 Bg4 7. O-O Nfd7 8. Be3 Bxf3 9. Bxf3 Nc6 10. Be2 e5 11. d5 Nd4 12. Bxd4 exd4 13. Nb5 Nc5 14. Nxd4 Nxe4 15. Bf3 Re8 16. Re1 Qh4 17. g3 Nxg3 18. hxg3 Qxd4 19. Qxd4 Bxd4 20. Rxe8+ Rxe8 21. Rb1 f5 22. Kf1 Kg7 23. b3 Bc3 24. Rc1 Bb4 25. Rd1 Kf6 26. Bg2 a5 27. Bh1 b6 28. Bg2 Ra8 29. a4 Re8 30. Bf3 Kg5 31. Be2 Kf6 32. Rd3 Bc5 33. Bf3 h5 34. Rd2 Kg5 35. Re2 Re5 36. Kg2 f4 37. Rxe5+ dxe5 38. Be4 Kf6 39. f3 fxg3 40. Kxg3 Kg5 41. Bd3 h4+ 42. Kg2 Kf4 43. Bxg6 h3+ 44. Kxh3 Kxf3 45. Bh5+ Ke3 46. Kg2 Kd2 47. Kf1 Kc2 48. Be8 Kd2 49. Bg6 Bb4 50. Kf2 Kc3 51. Be8 Kd3 52. Bg6+ e4 53. Bf5 Kc3 54. Bxe4 Kxb3 55. Ke2 Kxa4 56. Bc2+ Ka3 57. Kd1 Kb2 58. Ba4 Kc3 59. Kc1 Kxc4 60. Bc6 Kb3 61. Bd7 a4 62. Be6 Bd6 63. Kb1 a3 0-1

[Event "CZE-ch Youth B12 2022"]
[Site "Luhacovice"]
[Date "2022.03.14"]
[Round "3.2"]
[White "Kroulik, Vaclav"]
[Black "Martirosyan, David"]
[Result "1/2-1/2"]
[ECO "C42"]
[WhiteElo "1645"]
[BlackElo "1725"]
[Annotator "NA"]
[PlyCount "81"]
[EventDate "2022.03.12"]
[EventType "swiss"]
[EventCountry "CZE"]
[SourceTitle "playchess.com"]
[Source "ChessBase"]
[SourceQuality "1"]
[TimeControl "5400+30"]

1. e4 e5 2. Nf3 Nf6 3. Nc3 Bb4 4. a3 Bxc3 5. bxc3 O-O 6. d3 Nc6 7. Bg5 Re8 8. Be2 d6 9. O-O h6 10. Bh4 Bd7 11. Rb1 Rb8 12. Nd2 g5 13. Bg3 d5 14. f3 d4 15. cxd4 Nxd4 16. c3 Nc6 17. Nc4 b5 18. Ne3 Be6 19. Qd2 Qd7 20. Rfd1 Red8 21. Nc2 Nh5 22. d4 Nxg3 23. hxg3 Na5 24. Qe3 Nc4 25. Qf2 exd4 26. Nxd4 Qe8 27. Nxe6 Qxe6 28. Qxa7 Rdc8 29. Qc5 c6 30. Rd4 Na5 31. Qd6 Rd8 32. Qxe6 fxe6 33. Rbd1 Rxd4 34. Rxd4 Kf7 35. f4 Kf6 36. Rd7 Rb7 37. Rxb7 Nxb7 38. c4 bxc4 39. Bxc4 Nc5 40. a4 Nxa4 41. Kf2 1/2-1/2

[Event "CZE-ch Youth B12 2022"]
[Site "Luhacovice"]
[Date "2022.03.14"]
[Round "3.3"]
[White "Mikulka, Martin Michael"]
[Black "Mik, Tomas"]
[Result "1-0"]
[ECO "A44"]
[WhiteElo "1406"]
[BlackElo "1643"]
[Annotator "NA"]
[PlyCount "75"]
[EventDate "2022.03.12"]
[EventType "swiss"]
[EventCountry "CZE"]
[SourceTitle "playchess.com"]
[Source "ChessBase"]
[SourceQuality "1"]
[TimeControl "5400+30"]

1. d4 c5 2. d5 e5 3. e4 d6 4. c4 Nf6 5. Nc3 Be7 6. Nf3 Nbd7 7. Be2 Nf8 8. O-O Ng6 9. Qc2 O-O 10. a3 h6 11. Rb1 Nh7 12. b4 b6 13. Be3 f5 14. exf5 Bxf5 15. Bd3 Bxd3 16. Qxd3 Nf4 17. Bxf4 Rxf4 18. bxc5 bxc5 19. Rb7 Qf8 20. Nd2 Bd8 21. Rb3 Ng5 22. Ne2 Rf6 23. Ng3 Qf7 24. f3 Ba5 25. Nde4 Rg6 26. Rfb1 Bc7 27. h4 Nxe4 28. Nxe4 h5 29. Rb7 a5 30. Ng5 Rxg5 31. hxg5 g6 32. Qc2 Kg7 33. Qa4 h4 34. Qc6 Rc8 35. Ra7 h3 36. Rbb7 h2+ 37. Kh1 e4 38. Rxc7 1-0

[Event "CZE-ch Youth B12 2022"]
[Site "Luhacovice"]
[Date "2022.03.14"]
[Round "3.4"]
[White "Delgerdalai, Bayarjavkhlan"]
[Black "Stary, Vojtech"]
[Result "1/2-1/2"]
[ECO "B76"]
[WhiteElo "2074"]
[BlackElo "1640"]
[Annotator "ChessBase"]
[PlyCount "100"]
[EventDate "2022.03.12"]
[EventType "swiss"]
[EventCountry "CZE"]
[SourceTitle "playchess.com"]
[Source "ChessBase"]
[SourceQuality "1"]
[TimeControl "5400+30"]

1. e4 c5 2. Nf3 d6 3. d4 cxd4 4. Nxd4 Nf6 5. Nc3 g6 6. Be3 Bg7 7. f3 Nc6 8. Qd2 O-O 9. O-O-O d5 10. exd5 Nxd5 11. Nxc6 bxc6 12. Bd4 Bxd4 13. Qxd4 Qb6 14. Na4 Qc7 15. Kb1 e5 16. Qc5 Be6 17. Bd3 Rfd8 18. g3 Nb6 19. Nc3 Nd7 20. Qe3 Rab8 21. b3 Qb6 22. Qxb6 axb6 23. Be4 Rbc8 24. Rd6 c5 25. Rhd1 Kf8 26. Na4 Ke7 27. c4 f5 28. Bb7 Rb8 29. Ba6 g5 30. Kc2 f4 31. Bb5 Bf5+ 32. Kc1 Nf6 33. Rxd8 Rxd8 34. Rxd8 Kxd8 35. gxf4 exf4 36. Nxb6 g4 37. fxg4 f3 38. Bc6 f2 39. Bg2 Nxg4 40. Kd2 Nxh2 41. Ke2 f1=Q+ 42. Bxf1 Nxf1 43. Kxf1 Bb1 44. a3 Ba2 45. b4 cxb4 46. axb4 Kc7 47. Nd5+ Kc6 48. Ne3 Bxc4+ 49. Nxc4 Kb5 50. Ne5 Kxb4 1/2-1/2

[Event "CZE-ch Youth B12 2022"]
[Site "Luhacovice"]
[Date "2022.03.14"]
[Round "3.5"]
[White "Vana, Jan"]
[Black "Knapek, Jan"]
[Result "1-0"]
[ECO "B20"]
[WhiteElo "1609"]
[BlackElo "1340"]
[Annotator "NA"]
[PlyCount "61"]
[EventDate "2022.03.12"]
[EventType "swiss"]
[EventCountry "CZE"]
[SourceTitle "playchess.com"]
[Source "ChessBase"]
[SourceQuality "1"]
[TimeControl "5400+30"]

1. e4 c5 2. b3 d6 3. Bb2 Nf6 4. Nc3 g6 5. f4 Bg7 6. Bb5+ Bd7 7. Bxd7+ Nbxd7 8. Qf3 Qc7 9. Nge2 Qc6 10. O-O-O b5 11. g4 e6 12. d4 c4 13. d5 Qc5 14. dxe6 fxe6 15. Nxb5 Qxb5 16. Nd4 Qb6 17. Nxe6 Bf8 18. e5 Rc8 19. exf6 Kf7 20. Ng5+ Ke8 21. Rhe1+ Kd8 22. Ne6+ Ke8 23. f7+ Ke7 24. Nxf8+ Kxf8 25. Re8+ Kxf7 26. Rxh8 Rc7 27. Qd5+ Ke7 28. Re1+ Ne5 29. Rxe5+ dxe5 30. Rxh7+ Kf8 31. Qd8# 1-0

[Event "CZE-ch Youth B12 2022"]
[Site "Luhacovice"]
[Date "2022.03.14"]
[Round "3.6"]
[White "Mydlar, Matej"]
[Black "Krautschneider, Daniel Jan"]
[Result "0-1"]
[ECO "B77"]
[WhiteElo "1554"]
[BlackElo "1304"]
[Annotator "NA"]
[PlyCount "120"]
[EventDate "2022.03.12"]
[EventType "swiss"]
[EventCountry "CZE"]
[SourceTitle "playchess.com"]
[Source "ChessBase"]
[SourceQuality "1"]
[TimeControl "5400+30"]

1. e4 c5 2. Nf3 Nc6 3. d4 cxd4 4. Nxd4 g6 5. Nc3 Bg7 6. Be3 Nf6 7. Bc4 O-O 8. Qd2 d6 9. f3 a6 10. Bb3 Bd7 11. h4 b5 12. a3 Qc7 13. O-O-O Rab8 14. g4 h5 15. gxh5 Nxh5 16. Nd5 Qd8 17. Rhg1 a5 18. Nxc6 Bxc6 19. Bh6 b4 20. Bxg7 Kxg7 21. a4 Qd7 22. Ne3 Rh8 23. Nf5+ Kf8 24. Qd4 Nf6 25. Ne3 Bxa4 26. Bxa4 Qxa4 27. b3 Qc6 28. Nd5 Rc8 29. Rg2 e5 30. Qb6 Nxd5 31. Qxc6 Rxc6 32. Rxd5 Ra6 33. Rgd2 Ke7 34. Rh2 Rh5 35. Kd2 g5 36. Ke3 Rxh4 37. Rg2 f6 38. Rb5 Rh3 39. Rb7+ Ke6 40. Rb5 Rh1 41. Rd5 a4 42. bxa4 Rxa4 43. Rgd2 Ra3+ 44. R2d3 Rh2 45. Rxd6+ Kf7 46. Rxa3 bxa3 47. Ra6 Rxc2 48. Rxa3 Kg6 49. Kd3 Rg2 50. Ke3 Rb2 51. Ra6 g4 52. Ra3 g3 53. Ra1 Kg5 54. Ra5 g2 55. Ra1 Kh4 56. f4 Kg3 57. fxe5 fxe5 58. Kd3 Kh2 59. Ra8 g1=Q 60. Rh8+ Kg2 0-1

[Event "CZE-ch Youth B12 2022"]
[Site "Luhacovice"]
[Date "2022.03.14"]
[Round "3.7"]
[White "Pasek, Josef"]
[Black "Kutil, Adam"]
[Result "1/2-1/2"]
[ECO "A46"]
[WhiteElo "1351"]
[BlackElo "1544"]
[Annotator "NA"]
[PlyCount "64"]
[EventDate "2022.03.12"]
[EventType "swiss"]
[EventCountry "CZE"]
[SourceTitle "playchess.com"]
[Source "ChessBase"]
[SourceQuality "1"]
[TimeControl "5400+30"]

1. d4 Nf6 2. Nf3 e6 3. g3 c5 4. Bg2 Be7 5. O-O O-O 6. c4 d5 7. Nc3 Nc6 8. cxd5 Nxd5 9. Nxd5 exd5 10. dxc5 Bxc5 11. Qc2 Be7 12. Rd1 Be6 13. a3 h6 14. e4 Qa5 15. exd5 Bxd5 16. Bd2 Qb6 17. Be3 Qb3 18. Qxb3 Bxb3 19. Rd7 Rab8 20. Bf4 Be6 21. Rxe7 Nxe7 22. Bxb8 Rxb8 23. Rc1 Bd5 24. Ne5 Bxg2 25. Kxg2 Rc8 26. Rd1 Nc6 27. Nxc6 Rxc6 28. Rd8+ Kh7 29. Rd7 Rb6 30. b4 Kg6 31. Kf3 Kf6 32. Rc7 Ke5 1/2-1/2

[Event "CZE-ch Youth B12 2022"]
[Site "Luhacovice"]
[Date "2022.03.14"]
[Round "3.8"]
[White "Stejskal, Jakub"]
[Black "Chon, Jeremy"]
[Result "1/2-1/2"]
[ECO "B38"]
[WhiteElo "1557"]
[BlackElo "1455"]
[Annotator "NA"]
[PlyCount "116"]
[EventDate "2022.03.12"]
[EventType "swiss"]
[EventCountry "CZE"]
[SourceTitle "playchess.com"]
[Source "ChessBase"]
[SourceQuality "1"]
[TimeControl "5400+30"]

1. e4 c5 2. Nf3 g6 3. d4 cxd4 4. Nxd4 Bg7 5. c4 Nc6 6. Be3 e6 7. Nc3 Nge7 8. Qd2 O-O 9. Be2 d5 10. exd5 exd5 11. Rd1 dxc4 12. Bxc4 Nf5 13. Nxf5 Bxf5 14. Nd5 Be4 15. O-O Bxd5 16. Bxd5 Qf6 17. b3 Rac8 18. Bg5 Qf5 19. Be3 b6 20. Qd3 Qxd3 21. Rxd3 Nb4 22. Rd2 Bc3 23. Rdd1 Nxa2 24. Bd4 Rcd8 25. Be3 Nb4 26. Bc4 Bf6 27. Rxd8 Rxd8 28. g3 Nd5 29. Bxd5 Rxd5 30. Rc1 Kg7 31. Rc7 Rb5 32. Rxa7 Rxb3 33. Rb7 b5 34. Bd2 Rb2 35. Ba5 Bd4 36. Kh1 Rb1+ 37. Kg2 Rb2 38. Be1 Rb1 39. Ba5 Rb3 40. Be1 Bc5 41. Bd2 b4 42. Rb5 Rb2 43. Be1 Re2 44. Kf1 Rc2 45. Kg1 Rc1 46. Kf1 Bd4 47. Rxb4 Bc3 48. Re4 Kf6 49. f3 h5 50. Kf2 Rc2+ 51. Re2 Bd4+ 52. Kf1 Rxe2 53. Kxe2 Bg1 54. h3 Ke5 55. Bf2 Bxf2 56. Kxf2 g5 57. Ke3 f6 58. g4 h4 1/2-1/2

[Event "CZE-ch Youth B12 2022"]
[Site "Luhacovice"]
[Date "2022.03.14"]
[Round "3.9"]
[White "Kozdon, Marek"]
[Black "Soucek, Andrej"]
[Result "0-1"]
[ECO "D43"]
[WhiteElo "1183"]
[BlackElo "1399"]
[Annotator "NA"]
[PlyCount "116"]
[EventDate "2022.03.12"]
[EventType "swiss"]
[EventCountry "CZE"]
[SourceTitle "playchess.com"]
[Source "ChessBase"]
[SourceQuality "1"]
[TimeControl "5400+30"]

1. d4 d5 2. Nf3 Nf6 3. c4 e6 4. Nc3 c6 5. Bf4 Bd6 6. Bg3 O-O 7. e3 Qe7 8. Bd3 dxc4 9. Bxc4 b5 10. Bd3 Bb7 11. e4 Bb4 12. O-O Bxc3 13. bxc3 a6 14. Bh4 Qc7 15. Bxf6 gxf6 16. e5 Qe7 17. exf6 Qxf6 18. Ne5 c5 19. Qg4+ Kh8 20. Qh3 Qg7 21. Rae1 cxd4 22. cxd4 f5 23. Qg3 Qxg3 24. fxg3 Bd5 25. a3 Ra7 26. Rf4 Nd7 27. Nxd7 Rxd7 28. g4 Rg7 29. Ref1 Rfg8 30. g3 Rxg4 31. Rxg4 Rxg4 32. Rf4 h5 33. Kf2 Kg7 34. Ke3 Kf6 35. Rxg4 hxg4 36. Kf4 Bc4 37. Bc2 a5 38. Bd1 b4 39. axb4 axb4 40. Bc2 b3 41. Bb1 Bd5 42. Ke3 Be4 43. Bc2 Bxc2 44. Kd2 e5 45. d5 e4 46. d6 Ke6 47. d7 Kxd7 48. h3 gxh3 49. g4 h2 50. g5 h1=Q 51. g6 Qg2+ 52. Kc3 e3 53. g7 Qxg7+ 54. Kb4 Qd4+ 55. Ka3 Qc5+ 56. Kb2 Bd1 57. Ka1 Qa3+ 58. Kb1 Bc2# 0-1

[Event "CZE-ch Youth B12 2022"]
[Site "Luhacovice"]
[Date "2022.03.14"]
[Round "3.10"]
[White "Tejnor, Martin"]
[Black "Sotek, Simon"]
[Result "0-1"]
[ECO "C01"]
[WhiteElo "1367"]
[BlackElo "1280"]
[Annotator "NA"]
[PlyCount "64"]
[EventDate "2022.03.12"]
[EventType "swiss"]
[EventCountry "CZE"]
[SourceTitle "playchess.com"]
[Source "ChessBase"]
[SourceQuality "1"]
[TimeControl "5400+30"]

1. e4 e6 2. d4 d5 3. exd5 exd5 4. Nf3 Nf6 5. Bd3 Bd6 6. O-O O-O 7. Bg5 Bg4 8. Nbd2 c6 9. c3 Nbd7 10. Qc2 h6 11. Bh4 Qc7 12. h3 Bxf3 13. Nxf3 Rfe8 14. Rfe1 b6 15. Bf5 c5 16. Bxd7 Nxd7 17. Re2 cxd4 18. Nxd4 Bc5 19. Bg3 Qb7 20. Nf5 Rxe2 21. Qxe2 Nf6 22. Rd1 Re8 23. Qd3 b5 24. Bh4 Qb6 25. Bxf6 Qxf6 26. Qxb5 Bxf2+ 27. Kf1 Re5 28. Rxd5 Bc5 29. Qd3 Rxd5 30. Qxd5 Bf8 31. Kg1 Qb6+ 32. Qd4 Bc5 0-1

[Event "CZE-ch Youth B12 2022"]
[Site "Luhacovice"]
[Date "2022.03.14"]
[Round "3.11"]
[White "Ruzicka, Oto"]
[Black "Letal, Hynek"]
[Result "1/2-1/2"]
[ECO "B35"]
[WhiteElo "1233"]
[BlackElo "1371"]
[Annotator "NA"]
[PlyCount "98"]
[EventDate "2022.03.12"]
[EventType "swiss"]
[EventCountry "CZE"]
[SourceTitle "playchess.com"]
[Source "ChessBase"]
[SourceQuality "1"]
[TimeControl "5400+30"]

1. e4 c5 2. Nf3 Nc6 3. d4 cxd4 4. Nxd4 g6 5. Nc3 Bg7 6. Be3 Nf6 7. Bc4 d6 8. f3 Bd7 9. Qd2 Rc8 10. Bb3 O-O 11. O-O-O Ne5 12. h4 h5 13. Rdf1 Nc4 14. Bxc4 Rxc4 15. Rhg1 Qa5 16. Nb3 Qa6 17. Bh6 b5 18. Bxg7 Kxg7 19. Kb1 Rfc8 20. Rc1 Qb6 21. g4 b4 22. Nd5 Nxd5 23. Qxd5 Rxc2 24. gxh5 Rxc1+ 25. Rxc1 Rxc1+ 26. Nxc1 Be6 27. Qd2 Qc5 28. hxg6 fxg6 29. Ne2 b3 30. axb3 Bxb3 31. Qd4+ Qxd4 32. Nxd4 Ba4 33. Ka2 e5 34. Ne6+ Kh6 35. Ka3 Bd1 36. Ng5 Kh5 37. Kb4 Kxh4 38. Nf7 Bxf3 39. Nxd6 g5 40. Kc5 a5 41. Kd5 g4 42. Kxe5 g3 43. Nf5+ Kg4 44. Nxg3 Kxg3 45. Kd4 Bd1 46. e5 Bb3 47. Kc3 a4 48. Kb4 Kf4 49. e6 Bxe6 1/2-1/2

[Event "CZE-ch Youth B12 2022"]
[Site "Luhacovice"]
[Date "2022.03.14"]
[Round "3.12"]
[White "Topencik, Bruno"]
[Black "Jansky, Adam"]
[Result "0-1"]
[ECO "C57"]
[WhiteElo "1339"]
[BlackElo "1233"]
[Annotator "NA"]
[PlyCount "58"]
[EventDate "2022.03.12"]
[EventType "swiss"]
[EventCountry "CZE"]
[SourceTitle "playchess.com"]
[Source "ChessBase"]
[SourceQuality "1"]
[TimeControl "5400+30"]

1. e4 e5 2. Nf3 Nc6 3. Bc4 Nf6 4. Ng5 d5 5. exd5 b5 6. Bxb5 Qxd5 7. Bxc6+ Qxc6 8. O-O Bb7 9. f3 Bc5+ 10. Kh1 h6 11. Nh3 O-O-O 12. d3 g5 13. Qe2 Rhe8 14. Nc3 Nh5 15. Be3 Nf4 16. Bxf4 exf4 17. Qd1 f5 18. Ng1 h5 19. Re1 Be3 20. Re2 Rg8 21. Qf1 g4 22. fxg4 Rxg4 23. Nd1 Bxg1 24. Kxg1 Rdg8 25. Kf2 Rxg2+ 26. Ke1 Rg1 27. Qxg1 Rxg1+ 28. Kd2 f3 29. Nf2 Rxa1 0-1

[Event "CZE-ch Youth B12 2022"]
[Site "Luhacovice"]
[Date "2022.03.14"]
[Round "4.1"]
[White "Roubal, Matyas"]
[Black "Kroulik, Vaclav"]
[Result "1/2-1/2"]
[ECO "B40"]
[WhiteElo "1870"]
[BlackElo "1645"]
[Annotator "NA"]
[PlyCount "62"]
[EventDate "2022.03.12"]
[EventType "swiss"]
[EventCountry "CZE"]
[SourceTitle "playchess.com"]
[Source "ChessBase"]
[SourceQuality "1"]
[TimeControl "5400+30"]

1. e4 c5 2. Nf3 e6 3. c3 Nf6 4. e5 Nd5 5. d4 cxd4 6. cxd4 Nc6 7. Bc4 Nb6 8. Bd3 d6 9. exd6 Bxd6 10. Nc3 O-O 11. O-O g6 12. Bh6 Re8 13. Re1 Qf6 14. Ne4 Qd8 15. Nxd6 Qxd6 16. Bc2 Bd7 17. Bb3 Na5 $1 18. Ne5 Nxb3 19. axb3 Bc6 20. Qd2 Qd5 21. f3 f6 22. Ng4 Kf7 23. Ra5 Qxb3 $2 (23... Qd6 $1 $11 {and Black is okay.}) 24. Qf4 Nd7 25. Nxf6 Nxf6 26. Bg5 Kg8 27. Bxf6 Qb4 28. Rae5 Bd5 29. g4 ({White should play} 29. h4 $14 Rf8 30. h5) 29... Rf8 30. g5 Rac8 31. R1e2 Rc4 $11 (31... b5 $15) 1/2-1/2

[Event "CZE-ch Youth B12 2022"]
[Site "Luhacovice"]
[Date "2022.03.14"]
[Round "4.2"]
[White "Soucek, Andrej"]
[Black "Mikulka, Martin Michael"]
[Result "0-1"]
[ECO "C63"]
[WhiteElo "1399"]
[BlackElo "1406"]
[Annotator "NA"]
[PlyCount "128"]
[EventDate "2022.03.12"]
[EventType "swiss"]
[EventCountry "CZE"]
[SourceTitle "playchess.com"]
[Source "ChessBase"]
[SourceQuality "1"]
[TimeControl "5400+30"]

1. e4 e5 2. Nf3 Nc6 3. Bb5 f5 4. d3 fxe4 5. dxe4 Nf6 6. Nbd2 Bc5 7. O-O d6 8. c3 Qe7 9. b4 Bb6 10. Qc2 a6 11. Bc4 Be6 12. a4 O-O 13. Ba3 Nh5 14. Bxe6+ Qxe6 15. Qb3 Qxb3 16. Nxb3 Nf4 17. Ra2 Rf6 18. Bc1 Nh3+ 19. Kh1 Raf8 20. Re2 Nd8 21. Be3 Bxe3 22. Rxe3 Ne6 23. Nbd2 Nhg5 24. Nxg5 Nxg5 25. Kg1 h6 26. h4 Ne6 27. Rf3 Rxf3 28. Nxf3 Nf4 29. Re1 Nd3 30. Rd1 Nb2 31. Ra1 Rf4 32. Ra2 Nc4 33. Re2 Kf7 34. Kf1 Ke7 35. Ke1 Kd7 36. Kd1 c5 37. Kc2 b5 38. Kb3 Kc6 39. a5 g6 40. Kc2 cxb4 41. cxb4 d5 42. Kd3 dxe4+ 43. Rxe4 Nb2+ 44. Ke3 Nd1+ 45. Kd3 Nxf2+ 46. Ke3 Rxe4+ 47. Kxf2 Rf4 48. Ke3 Rxf3+ 49. Kxf3 Kd5 50. g4 Kc4 51. Ke4 Kxb4 52. Kxe5 Kc3 53. Kf6 b4 54. Kxg6 b3 55. Kxh6 b2 56. g5 b1=Q 57. g6 Qc1+ 58. Kh5 Qg1 59. Kh6 Qe3+ 60. Kh5 Qg3 61. g7 Kd4 62. Kh6 Qxh4+ 63. Kg6 Kc5 64. Kf7 Kb5 0-1

[Event "CZE-ch Youth B12 2022"]
[Site "Luhacovice"]
[Date "2022.03.14"]
[Round "4.3"]
[White "Krautschneider, Daniel Jan"]
[Black "Delgerdalai, Bayarjavkhlan"]
[Result "0-1"]
[ECO "C01"]
[WhiteElo "1304"]
[BlackElo "2074"]
[Annotator "NA"]
[PlyCount "50"]
[EventDate "2022.03.12"]
[EventType "swiss"]
[EventCountry "CZE"]
[SourceTitle "playchess.com"]
[Source "ChessBase"]
[SourceQuality "1"]
[TimeControl "5400+30"]

1. e4 e6 2. d4 d5 3. exd5 exd5 4. Nc3 Nf6 5. Nf3 Be7 6. Be2 O-O 7. Bf4 c6 8. Qd3 Bg4 9. O-O-O b5 10. Kb1 b4 $1 11. Ne5 bxc3 12. Nxg4 cxb2 13. Nxf6+ Bxf6 14. h4 Nd7 15. g4 Nb6 16. Rdg1 $2 (16. g5 $15 Be7 17. Kxb2) 16... Be7 17. Qg3 Na4 18. Bd2 Qb6 19. c3 (19. Qd3 $142) 19... c5 20. g5 cxd4 21. g6 fxg6 22. h5 dxc3 23. Bd1 cxd2 24. Qd3 Rac8 25. Qxd5+ Kh8 0-1

[Event "CZE-ch Youth B12 2022"]
[Site "Luhacovice"]
[Date "2022.03.14"]
[Round "4.4"]
[White "Sotek, Simon"]
[Black "Popov, Roman"]
[Result "0-1"]
[ECO "D35"]
[WhiteElo "1280"]
[BlackElo "2353"]
[Annotator "ChessBase"]
[PlyCount "70"]
[EventDate "2022.03.12"]
[EventType "swiss"]
[EventCountry "CZE"]
[SourceTitle "playchess.com"]
[Source "ChessBase"]
[SourceQuality "1"]
[TimeControl "5400+30"]

1. d4 d5 2. c4 e6 3. Nc3 Nf6 4. cxd5 exd5 5. Nf3 Be7 6. e3 c6 7. Bd3 O-O 8. O-O Re8 9. Re1 Bd6 10. e4 dxe4 11. Nxe4 Nxe4 12. Bxe4 Nd7 13. Qb3 Nf6 14. Bg5 Be7 15. Bxf6 Bxf6 16. Rad1 g6 17. d5 cxd5 18. Bxd5 Rxe1+ 19. Rxe1 Qf8 20. Qa4 Bf5 21. Bxb7 Rb8 22. Qxa7 Bxb2 23. h3 Bf6 24. Bd5 Rd8 25. Bb3 Rd7 26. Qa4 Re7 27. Rxe7 Qxe7 28. Qa8+ Kg7 29. a4 Be4 30. Bd5 Bxf3 31. gxf3 Qe1+ 32. Kg2 Bd4 33. Kg3 Qxf2+ 34. Kg4 h5+ 35. Kf4 Qh4# 0-1

[Event "CZE-ch Youth B12 2022"]
[Site "Luhacovice"]
[Date "2022.03.14"]
[Round "4.5"]
[White "Martirosyan, David"]
[Black "Vana, Jan"]
[Result "1/2-1/2"]
[ECO "A04"]
[WhiteElo "1725"]
[BlackElo "1609"]
[Annotator "NA"]
[PlyCount "145"]
[EventDate "2022.03.12"]
[EventType "swiss"]
[EventCountry "CZE"]
[SourceTitle "playchess.com"]
[Source "ChessBase"]
[SourceQuality "1"]
[TimeControl "5400+30"]

1. Nf3 c5 2. e3 Nf6 3. d4 g6 4. c4 Bg7 5. Nc3 O-O 6. Be2 cxd4 7. Nxd4 Nc6 8. O-O Nxd4 9. exd4 d5 10. Bf4 a6 11. Rc1 dxc4 12. Bxc4 b5 13. Be2 Bb7 14. Re1 Rc8 15. a3 Nd5 16. Nxd5 Qxd5 17. Bf3 Qd7 18. Bxb7 Qxb7 19. Qd2 Rxc1 20. Rxc1 Rc8 21. Rc5 Qd7 22. Rxc8+ Qxc8 23. h3 Qc4 24. Be3 Qc7 25. b3 Qd6 26. a4 Qd7 27. axb5 axb5 28. Qd3 h6 29. Qd2 Kh7 30. Qd3 Qd5 31. f3 e5 32. Qe4 Qxe4 33. fxe4 exd4 34. Bf2 g5 35. Kf1 d3 36. Be1 Bd4 37. Bb4 Kg6 38. Ke1 f5 39. exf5+ Kxf5 40. Bf8 h5 41. Bh6 Be3 42. h4 Kg4 43. g3 Kxg3 44. Bxg5 Kf3 45. b4 Ke4 46. Be7 Kd4 47. Bc5+ Ke4 48. Be7 Kf5 49. Bc5 Bxc5 50. bxc5 Ke5 51. Kd2 Kd5 52. Kxd3 Kxc5 53. Kc3 Kd5 54. Kb4 Kc6 55. Kc3 Kc5 56. Kb3 b4 57. Kc2 Kc4 58. Kb2 b3 59. Kb1 Kb5 60. Kb2 Kb4 61. Kb1 Kc3 62. Kc1 Kd3 63. Kb2 Ke3 64. Kxb3 Kf3 65. Kc3 Kg3 66. Kd3 Kxh4 67. Ke2 Kg3 68. Kf1 Kh2 69. Kf2 h4 70. Kf1 h3 71. Kf2 Kh1 72. Kf1 h2 73. Kf2 1/2-1/2

[Event "CZE-ch Youth B12 2022"]
[Site "Luhacovice"]
[Date "2022.03.14"]
[Round "4.6"]
[White "Mik, Tomas"]
[Black "Chon, Jeremy"]
[Result "1-0"]
[ECO "B27"]
[WhiteElo "1643"]
[BlackElo "1455"]
[Annotator "NA"]
[PlyCount "79"]
[EventDate "2022.03.12"]
[EventType "swiss"]
[EventCountry "CZE"]
[SourceTitle "playchess.com"]
[Source "ChessBase"]
[SourceQuality "1"]
[TimeControl "5400+30"]

1. e4 c5 2. Nf3 g6 3. d4 cxd4 4. Nxd4 Bg7 5. Nc3 Nc6 6. Be3 Nf6 7. Nxc6 bxc6 8. e5 Ng8 9. Bd4 f6 10. f4 Qa5 11. Qe2 c5 12. Bf2 Qb4 13. Qf3 Bb7 14. Qe3 Nh6 15. h3 Nf5 16. Qd2 fxe5 17. O-O-O Bc6 18. Nd5 Qxd2+ 19. Rxd2 Bxd5 20. Rxd5 exf4 21. Bxc5 Ne3 22. Bxe3 fxe3 23. Bb5 Rd8 24. Rhd1 Bh6 25. Kb1 e6 26. Rxd7 Rxd7 27. Rxd7 a6 28. Bc6 e2 29. Rd2+ Ke7 30. Rxe2 Kd6 31. Bf3 Re8 32. Re4 Kc5 33. a4 Bd2 34. c3 e5 35. b4+ Kb6 36. Kc2 Bf4 37. a5+ Kb5 38. Kb3 Bh2 39. c4+ Kc6 40. Rxe5+ 1-0